 Dungeon Crawl Stone Soup version 0.26-a0-651-gb41185065b (webtiles) character file.

Game seed: 9886571014275693763

25053 tognito the Executioner (level 12, -10/90 HPs)
             Began as a Minotaur Berserker on Aug 27, 2020.
             Was a High Priest of Trog.
             Mangled by an enormous slime creature (64 damage)
             ... on level 13 of the Dungeon on Oct 31, 2020.
             The game lasted 00:40:28 (15540 turns).

tognito the Executioner (Minotaur Berserker)       Turns: 15540, Time: 00:40:29

Health: -10/90     AC: 34    Str: 35    XL:     12   Next: 86%
Magic:  21/21      EV:  8    Int:  9    God:    Trog [*****.]
Gold:   962        SH:  0    Dex: 10    Spells: 11/11 levels left

rFire    + . .     SeeInvis .   a - +4 battleaxe (vorpal)
rCold    + . .     Faith    .   (shield currently unavailable)
rNeg     + . .     Spirit   .   E - +4 crystal plate armour of Mipludd {-Cast Str+8 Stlth+}
rPois    .         Reflect  .   D - +3 hat of Pondering {ponderous, MR+ MP+10 Int+5}
rElec    .         Harm     .   n - scarf {rC+ rF+}
rCorr    +         Rampage  .   s - +2 pair of gloves
MR       +....     NoCast   +   C - +1 pair of boots
Stlth    ..........             A - amulet of magic regeneration
HPRegen  0.25/turn              i - ring of positive energy
MPRegen  0.42/turn              F - ring of resist corrosion

@: slow
A: retaliatory headbutt, horns 2
a: Berserk, Trog's Hand, Brothers in Arms, Renounce Religion


You were on level 13 of the Dungeon.
You worshipped Trog.
Trog was extremely pleased with you.
You visited 1 branch of the dungeon, and saw 13 of its levels.

You collected 962 gold pieces.

Inventory:

Hand Weapons
 a - a +4 vorpal battleaxe (weapon)
 b - a +0 arbalest
Missiles
 g - 16 atropa-tipped darts
 k - 59 poisoned darts (quivered)
 r - 92 bolts
 t - 15 javelins
 x - 6 datura-tipped darts
 G - 5 boomerangs
Armour
 n - a scarf of resistance (worn)
 s - a +2 pair of gloves (worn)
 C - a +1 pair of boots (worn)
 D - the +3 hat of Pondering (worn) {ponderous, MR+ MP+10 Int+5}
   (You took it off Gastronok on level 8 of the Dungeon)

   It affects your intelligence (+5).
   It affects your resistance to hostile enchantments.
   It affects your magic capacity (+10).
 E - the +4 crystal plate armour of Mipludd (worn) {-Cast Str+8 Stlth+}
   (You took it off a tengu warrior on level 9 of the Dungeon)

   It affects your strength (+8).
   It prevents spellcasting.
   It makes you more stealthy.
Jewellery
 i - a ring of positive energy (left hand)
 l - an uncursed ring of magical power
 w - a +6 ring of intelligence
 A - an amulet of magic regeneration (around neck)
 F - a ring of resist corrosion (right hand)
Wands
 o - a wand of enslavement (5)
 p - a wand of iceblast (9)
 u - a wand of random effects (18)
 B - a wand of flame (12)
Scrolls
 c - 4 scrolls of teleportation
 f - a scroll of enchant weapon
 h - 13 scrolls of identify
 q - 4 scrolls of remove curse
 z - a scroll of magic mapping
Potions
 d - 2 potions of magic
 e - 2 potions of haste
 j - a potion of berserk rage
 m - 4 potions of curing
 v - a potion of invisibility
 H - 3 potions of ambrosia
 M - a potion of heal wounds
 N - a potion of stabbing
 O - a potion of resistance
Miscellaneous
 y - a phial of floods (inert)
 I - a lightning rod (4/4)
 J - a condenser vane (inert)
 K - a box of beasts (2/3)
 L - a lightning rod (4/4)


   Skills:
 - Level 3.6 Fighting
 * Level 21.0 Axes
 + Level 11.9 Armour
 + Level 2.5 Dodging


You had 11 spell levels left.
You didn't know any spells.
Your spell library was empty.

Dungeon Overview and Level Annotations

Branches:
Dungeon (13/15)            Temple (0/1) D:7            Lair (0/6) D:8
    Orc (0/2) D:11         Vaults (0/5) D:13

Altars:
Fedhas
Kikubaaqudgha
Okawaru
Qazlal
Uskayaw
Vehumet
Xom
Yredelemnul
Zin
The Shining One

Shops:
D:8 (


Innate Abilities, Weirdness & Mutations

You reflexively headbutt those who attack you in melee.
You have a pair of horns on your head.


Message History

You headbutt the enormous slime creature.
The enormous slime creature is moderately wounded.
The enormous slime creature completely misses you.
You cut the enormous slime creature into ribbons!!!
The enormous slime creature is heavily wounded.
You completely miss the enormous slime creature.
The enormous slime creature is heavily wounded.
The enormous slime creature hits you!!
You slice the enormous slime creature!!
You headbutt the enormous slime creature!
The enormous slime creature is heavily wounded.
The enormous slime creature hits you!
You barely miss the enormous slime creature.
The enormous slime creature is heavily wounded.
You slash the enormous slime creature!
You headbutt the enormous slime creature, but do no damage.
The enormous slime creature is severely wounded.
The enormous slime creature hits you!!!
Ouch! That really hurt!
You die...

# ########## .J #........#
J# #........# .#
#......^.########.#.#
#.............J.....#
#........########.#.#
#........# .#
###########J### .#
#.........#@# .# ##
#>..........# .# .#
#.........### .# .#
#.........# .#
.#######..#######
.#.....#..#....∩# #########
.#.....#..#.....# #....)..#
.#.....#..#.....###.####.##
.#.....'..#.....#....# #.#


You could see an enormous slime creature.

Vanquished Creatures
  Gastronok (D:8)
  A centaur warrior (D:13)
  3 two-headed ogres
  A tengu warrior (D:9)
  2 unseen horrors
  Pikel (D:4)
  A manticore (D:9)
  2 cyclopes
  3 centaur skeletons
  2 trolls
  6 slime creatures (D:13)
  Prince Ribbit (D:8)
  3 hippogriffs
  A wraith (D:13)
  A shadow (D:11)
  3 wyverns
  A water elemental (D:11)
  19 yaks
  A human (D:11)
  A basilisk (D:13)
  3 vampire mosquitoes (D:12)
  2 wargs (D:11)
  An acid dragon (D:13)
  3 water moccasins
  2 porcupines (D:8)
  3 orc warriors
  A phantom (D:10)
  6 sky beasts
  6 black bears
  6 ice beasts
  3 necrophages
  4 ogres
  An eye of draining (D:11)
  12 centaurs
  A crocodile (D:13)
  2 big kobolds
  13 bullfrogs
  A wyvern zombie (D:8)
  5 scorpions
  A wyvern skeleton (D:12)
  2 electric eels (D:11)
  10 wights
  4 crimson imps (D:3)
  3 bullfrog zombies
  3 centaur zombies
  10 orc priests
  2 hounds
  2 iguanas
  A bullfrog skeleton (D:5)
  7 orc wizards
  6 worker ants
  A hound zombie (D:9)
  A hound skeleton (D:7)
  A howler monkey zombie (D:4)
  2 worker ant zombies
  A gnoll (D:8)
  A howler monkey skeleton (D:5)
  10 adders
  3 white imps
  3 ufetubi
  3 oozes
  3 adder zombies
  An adder skeleton (D:4)
  2 worms
  5 dart slugs
  9 leopard geckos
  42 orcs
  A ball python (D:8)
  10 bats
  5 giant cockroaches
  10 hobgoblins
  23 jackals
  20 kobolds
  4 quokkas
  A ball python skeleton (D:4)
  2 frilled lizards
  A giant cockroach zombie (D:5)
  7 goblins
  2 jackal skeletons
  A jackal zombie (D:4)
  A leopard gecko skeleton (D:5)
  A leopard gecko zombie (D:4)
  A quokka skeleton (D:4)
  7 rats
365 creatures vanquished.

Vanquished Creatures (collateral kills)
  An ironheart preserver (D:13)
  2 hydras
  An orc knight (D:13)
  A deep elf mage (D:13)
  A centaur zombie (D:11)
  A troll (D:13)
  A hippogriff (D:13)
  A wraith (D:13)
  A wyvern (D:12)
  An acid dragon (D:13)
  A centaur (D:13)
  A bullfrog zombie (D:10)
  A hound (D:13)
  An orc wizard (D:12)
  An orc (D:12)
  3 kobolds (D:12)
19 creatures vanquished.

Vanquished Creatures (others)
  52 fungi (D:8)
  48 plants (D:8)
  4 withered plants (D:4)
104 creatures vanquished.

Grand Total: 488 creatures vanquished

Notes
Turn   | Place    | Note
-------+----------+-------------------------------------------
     0 | D:1      | tognito the Minotaur Berserker began the quest for the Orb.
     0 | D:1      | Reached XP level 1. HP: 19/19 MP: 0/0
    54 | D:1      | Reached skill level 4 in Axes
   239 | D:1      | Reached XP level 2. HP: 11/26 MP: 1/1
   694 | D:1      | Reached ** piety under Trog
   698 | D:1      | Reached skill level 5 in Axes
   728 | D:1      | Reached XP level 3. HP: 29/31 MP: 2/2
  1668 | D:2      | Reached XP level 4. HP: 37/39 MP: 3/3
  1670 | D:2      | Reached skill level 6 in Axes
  2153 | D:2      | Reached XP level 5. HP: 42/45 MP: 4/4
  2156 | D:2      | Reached skill level 7 in Axes
  2357 | D:3      | Noticed a centaur
  2366 | D:3      | Killed a centaur
  2910 | D:3      | Reached skill level 8 in Axes
  3124 | D:3      | Found a shimmering altar of Xom.
  3134 | D:3      | Found a glowing golden altar of the Shining One.
  3136 | D:3      | Noticed an angel
  3147 | D:3      | Found a basalt altar of Yredelemnul.
  3149 | D:3      | Noticed a profane servitor
  3151 | D:3      | Reached *** piety under Trog
  3169 | D:3      | Reached XP level 6. HP: 45/51 MP: 5/5
  3563 | D:3      | Reached skill level 9 in Axes
  3823 | D:4      | Reached XP level 7. HP: 26/57 MP: 6/6
  4289 | D:4      | Reached skill level 10 in Axes
  4498 | D:4      | Noticed Pikel
  4529 | D:4      | Killed Pikel
  4529 | D:4      | Reached skill level 11 in Axes
  4529 | D:4      | Reached XP level 8. HP: 50/64 MP: 7/7
  4760 | D:4      | Upgraded the game from 0.26-a0-597-gb535b0901c to
                  | 0.26-a0-651-gb41185065b
  4783 | D:5      | Entered Level 5 of the Dungeon
  4872 | D:5      | Reached skill level 12 in Axes
  4902 | D:5      | Reached **** piety under Trog
  5442 | D:5      | Reached skill level 13 in Axes
  6296 | D:6      | Reached XP level 9. HP: 65/70 MP: 8/8
  6623 | D:6      | Reached skill level 14 in Axes
  8144 | D:7      | Found a staircase to the Ecumenical Temple.
  8322 | D:8      | Found Cetiosm's Weapon Shoppe.
  8411 | D:8      | Reached skill level 15 in Axes
  8479 | D:8      | Found an ancient bone altar of Kikubaaqudgha.
  8481 | D:8      | Noticed Gastronok
  8505 | D:8      | Killed Gastronok
  8505 | D:8      | Reached skill level 16 in Axes
  8505 | D:8      | Reached skill level 5 in Armour
  8505 | D:8      | Reached XP level 10. HP: 31/77 MP: 9/9
  8985 | D:8      | Found a staircase to the Lair.
  9523 | D:8      | Noticed Prince Ribbit
  9539 | D:8      | Killed Prince Ribbit
  9539 | D:8      | Reached skill level 17 in Axes
  9594 | D:9      | Found an iron altar of Okawaru.
  9612 | D:9      | Noticed a two-headed ogre
  9628 | D:9      | Killed a two-headed ogre
 10029 | D:9      | Identified the +4 crystal plate armour of Mipludd {-Cast
                  | Str+8 Stlth+}
 10029 | D:9      | Noticed a tengu warrior
 10046 | D:9      | Noticed a manticore
 10059 | D:9      | Killed a tengu warrior
 10066 | D:9      | Killed a manticore
 10066 | D:9      | Reached XP level 11. HP: 69/82 MP: 10/10
 10306 | D:9      | Got a twitching platinum ring
 10307 | D:9      | Identified the cursed ring of Poluppodd {*Corrode *Drain
                  | rF+ Int+6 Dex-4} (You found it on level 9 of the Dungeon)
 10342 | D:9      | Found a stormy altar of Qazlal.
 10428 | D:9      | Reached ***** piety under Trog
 10428 | D:9      | Reached skill level 18 in Axes
 10709 | D:9      | Found a glowing silver altar of Zin.
 10809 | D:9      | Found a blossoming altar of Fedhas.
 10810 | D:9      | Found a hide-covered altar of Uskayaw.
 10810 | D:9      | Found a radiant altar of Vehumet.
 10936 | D:10     | Entered Level 10 of the Dungeon
 10955 | D:10     | Noticed a two-headed ogre
 10959 | D:10     | Noticed a five-headed hydra
 10964 | D:10     | Killed a two-headed ogre
 10974 | D:10     | Killed a five-headed hydra
 11387 | D:10     | Killed an unseen horror
 11981 | D:11     | Found a staircase to the Orcish Mines.
 11993 | D:11     | Reached skill level 19 in Axes
 13408 | D:11     | Noticed a five-headed hydra
 13415 | D:11     | Killed a five-headed hydra
 13797 | D:12     | Reached XP level 12. HP: 40/90 MP: 11/11
 14024 | D:12     | Reached skill level 10 in Armour
 14079 | D:12     | Noticed a two-headed ogre
 14095 | D:12     | Killed a two-headed ogre
 14374 | D:12     | Reached skill level 20 in Axes
 14587 | D:12     | Received a gift from Trog
 14974 | D:13     | Identified the cursed +1 halberd "Embalmer" {holy, rPois
                  | MR- Int+3 Dex+3}
 14999 | D:13     | Noticed a centaur warrior
 15007 | D:13     | Killed a centaur warrior
 15236 | D:13     | Noticed an ironheart preserver
 15256 | D:13     | Killed an ironheart preserver
 15352 | D:13     | Found a gate to the Vaults.
 15478 | D:13     | Reached skill level 21 in Axes
 15540 | D:13     | Mangled by an enormous slime creature

Illustrated notes

Levels and vault maps discovered:
D:1:      minmay_arrival_four_loops, layout_basic, minmay_cupped
D:2:      layout_basic, minmay_pentomino_z4
D:3:      layout_basic, grunt_temple_overflow_holy_war, led_xom_imps,
          minmay_unequal
D:4:      layout_loops_ring, serial_undead, serial_undead_d, serial_undead_d,
          serial_undead_d, serial_undead_f, uniq_pikel
D:5:      layout_loops_ring, patterned_corridor
D:6:      layout_cave_pods
D:7:      layout_basic, minmay_temple_entry_enclosed_plants
D:8:      layout_loops_corners, nicolae_overflow_crystal_walls,
          due_lair_maze_entry_diamond, serial_shops, shop, uniq_gastronok,
          uniq_prince_ribbit1
D:9:      minmay_the_grid_four_pointed_star
          [minmay_the_grid_triangle_9x9_longest,
          minmay_the_grid_triangle_9x9_wacky_v,
          minmay_the_grid_triangle_9x9_windchime,
          minmay_the_grid_triangle_9x9_from_above,
          minmay_the_grid_prize_trominoes], layout_cave_pools,
          lemuel_doored_altar, chequers_temple_overflow_statue_of_worship,
          okawaru_metal_pillars_1_2
D:10:     layout_layer_cave
D:11:     layout_basic, erik_orc_4, lemuel_another_geyser
D:12:     layout_big_octagon, minivault_23
D:13:     layout_basic, skrybe_vaults_entry_preservation

Skill      XL: |  1  2  3  4  5  6  7  8  9 10 11 12 |
---------------+-------------------------------------+-----
Axes           | 4 5 6 8 9 11 13 16 17 19 21 | 21.0
Armour         | 5 7 9 11 | 11.9
Fighting       | |  3.6
Dodging        | |  2.5

Action                   |  1- 3 |  4- 6 |  7- 9 | 10-12 || total
-------------------------+-------+-------+-------+-------++-------
Melee: Hand axe          |    80 |   168 |   183 |       ||   431
       Headbutt          |     7 |    23 |    57 |   111 ||   198
       War axe           |       |       |    99 |   135 ||   234
       Broad axe         |       |       |       |   271 ||   271
       Battleaxe         |       |       |       |    78 ||    78
 Fire: Arbalest          |       |       |       |    12 ||    12
Throw: Dart              |       |    28 |    34 |    97 ||   159
       Javelin           |       |       |       |     3 ||     3
Invok: Berserk           |       |     1 |     1 |     4 ||     6
       Brothers in Arms  |       |       |       |     5 ||     5
Evoke: Wand              |       |       |       |     6 ||     6
       Lightning rod     |       |       |       |     3 ||     3
       Condenser vane    |       |       |       |     2 ||     2
       Box of beasts     |       |       |       |     1 ||     1
       Phial of floods   |       |       |       |     1 ||     1
  Use: Potion            |       |       |     8 |     6 ||    14
       Scroll            |       |       |     3 |    12 ||    15
 Stab: Confused          |       |       |       |     2 ||     2
Armor: Animal skin       |     1 |       |       |       ||     1
       Ring mail         |    15 |       |       |       ||    15
       Scale mail        |     8 |    22 |       |       ||    30
       Chain mail        |       |    74 |   115 |       ||   189
       Plate armour      |       |       |    39 |    76 ||   115
       Crystal plate arm |       |       |       |   324 ||   324
Dodge: Dodged            |    68 |    54 |   103 |   145 ||   370

Table legend: (Time is in decaauts)
 A = Elapsed time spent in this place.
 B = Non-inter-level travel time spent in this place.
 C = Inter-level travel time spent in this place.
 D = Time resting spent in this place.
 E = Time spent auto-exploring this place.
 F = Levels seen in this place.
 G = Mean time per level.
                   A        B        C        D        E       F      G
               +--------+--------+--------+--------+--------+-----+--------+
         Total |  15761 |  15345 |    416 |      0 |  12778 |  13 | 1212.4 |
       Dungeon |  15761 |  15345 |    416 |      0 |  12778 |  13 | 1212.4 |
               +--------+--------+--------+--------+--------+-----+--------+

Top non-repeatable levels by time:
    D:11: 1888 daAuts
     D:8: 1443 daAuts
     D:9: 1401 daAuts
     D:3: 1334 daAuts
     D:6: 1230 daAuts
     D:1: 1219 daAuts
    D:10: 1112 daAuts
     D:2: 1110 daAuts
     D:4: 1100 daAuts
     D:7: 1084 daAuts
    D:12: 1072 daAuts
     D:5: 1044 daAuts
    D:13: 720 daAuts
